 Dungeon Crawl Stone Soup version 0.30-a0-639-g3916f1956a (webtiles) character file.

Game seed: 1960446416830714800

693 ryw the Chopper (level 7, -16/48 HPs)
             Began as a Gargoyle Fighter on Jan 17, 2023.
             Demolished by an ogre
             ... wielding a +0 giant spiked club
              (18 damage)
             ... on level 5 of the Dungeon.
             The game lasted 00:05:47 (4239 turns).

ryw the Chopper (Gargoyle Fighter)                  Turns: 4239, Time: 00:05:48

Health: -16/48     AC: 13    Str: 21    XL:     7   Next: 64%
Magic:  10/10      EV:  9    Int:  9    God:
Gold:   226        SH:  4    Dex:  9    Spells: 8/10 levels left

rFire   . . .      SeeInvis .    a - +0 war axe
rCold   . . .      Faith    .    c - +0 buckler
rNeg    + + .      Spirit   .    b - +0 scale mail
rPois   ∞          Reflect  .    o - +0 helmet
rElec   +          Harm     .    (no cloak)
rCorr   .          Rampage  .    h - +0 pair of gloves
Will    .....                    (no boots) Stlth
                                 (no amulet)
HPRegen 0.28/turn                j - ring of positive energy
MPRegen 0.12/turn                (no ring)

@: mighty
A: sickness immunity, AC +4, negative energy resistance 1, electricity
resistance, torment resistance 1, petrification resistance, robust 1
a: no special abilities


You were on level 5 of the Dungeon.
You visited 1 branch of the dungeon, and saw 5 of its levels.

You collected 226 gold pieces.

Inventory:

Hand Weapons
 a - a +0 war axe (weapon)
Armour
 b - a +0 scale mail (worn)
 c - a +0 buckler (worn)
 h - a +0 pair of gloves (worn)
 o - a +0 helmet (worn)
Jewellery
 j - a ring of positive energy (left hand)
 l - a +6 ring of intelligence
Scrolls
 e - 4 scrolls of teleportation
 g - 2 scrolls of identify
 m - a scroll of amnesia
Potions
 d - a potion of curing
 f - 2 potions of haste
 i - a potion of might
 k - a potion of mutation


   Skills:
 + Level 5.6 Fighting
 * Level 5.6 Axes
 - Level 3.2 Armour
 - Level 3.2 Shields
 - Level 2.0 Spellcasting
 - Level 2.0 Transmutations


You had 8 spell levels left.
You knew the following spells:

 Your Spells              Type           Power      Damage    Failure   Level
a - Wereblood             Tmut           4%         N/A       61%         2

Your spell library contained the following spells:

 Spells                   Type           Power      Damage    Failure   Level
 Inner Flame              Hex/Fire       0%         N/A       98%         3
 Ozocubu's Armour         Ice            0%         N/A       98%         3
 Tukima's Dance           Hex            0%         N/A       98%         3
 Airstrike                Air            0%         2d(0-16)  100%        4
 Cause Fear               Hex            0%         N/A       100%        4
 Passage of Golubria      Tloc           0%         N/A       100%        4
 Summon Lightning Spire   Summ/Air       0%         N/A       100%        4
 Lightning Bolt           Conj/Air       0%         1d11      100%        5
 Yara's Violent Unravell  Hex/Tmut       1%         3d3       100%        5
 Ozocubu's Refrigeration  Ice            0%         4d7       100%        7
 Summon Hydra             Summ           0%         N/A       100%        7
 Discord                  Hex            0%         N/A       100%        8
 Sublimation of Blood     Necr           Unusable   N/A       N/A         2

Dungeon Overview and Level Annotations

Branches:
Dungeon (5/15)
 Temple: D:4-7

Altars:
Dithmenos
Uskayaw

Shops:
D:2 [

Annotations:
D:4 2 runed translucent doors, timneilson's ghost, amateur DsGl


Innate Abilities, Weirdness & Mutations

You are immune to sickness and miasma.
Your stone body is resilient. (AC +4)
You are immune to poison.
You resist negative energy. (rN+)
You are resistant to electric shocks. (rElec)
You are resistant to unholy torment.
You are immune to petrification.
You are robust. (+10% HP)


Message History

an adder skeleton; a hound skeleton The ogre shouts!
Throw: 4 darts (atropa)
Press: ? - help, Q - select action, (/) - cycle Shift-Dir - straight line, f - ogre
Aim: an ogre, wielding a +0 giant spiked club (72% to hit, chance to blind on hit: 27%)
You throw an atropa-tipped dart. The atropa-tipped dart hits the ogre.
The ogre resists.
Throw: 3 darts (atropa)
Press: ? - help, Q - select action, (/) - cycle Shift-Dir - straight line, f/p - ogre
Aim: an ogre, wielding a +0 giant spiked club (72% to hit, chance to blind on hit: 27%)
You throw an atropa-tipped dart. The atropa-tipped dart hits the ogre.
The ogre resists.
Throw: 2 darts (atropa)
Press: ? - help, Q - select action, (/) - cycle Shift-Dir - straight line, f/p - ogre
Aim: an ogre, wielding a +0 giant spiked club (72% to hit, chance to blind on hit: 27%)
You throw an atropa-tipped dart. The atropa-tipped dart hits the ogre.
The ogre resists.
Throw: dart (atropa)
Press: ? - help, Q - select action, (/) - cycle Shift-Dir - straight line, f/p - ogre
Aim: an ogre, wielding a +0 giant spiked club (72% to hit, chance to blind on hit: 27%)
You throw an atropa-tipped dart. The atropa-tipped dart hits the ogre.
The ogre resists.
The ogre hits you with a +0 giant spiked club.
You barely miss the ogre.
The ogre hits you with a +0 giant spiked club!!
Ouch! That really hurt!
* * * LOW HITPOINT WARNING * * *
You are too injured to fight recklessly!
You are too injured to fight recklessly!
You are too injured to fight recklessly!
You barely miss the ogre. You block the ogre's attack.
You feel very mighty all of a sudden.
You slash the ogre!
The ogre is moderately wounded.
The ogre hits you with a +0 giant spiked club!
* * * LOW HITPOINT WARNING * * *
You slash the ogre!
The ogre is almost dead.
The ogre hits you with a +0 giant spiked club!!
You die...

# #>.# #........# #.##...
#.###...## ...>.#. ##.#
###.#
.......######..#####.####
#.........÷...÷........
#..........######.####
..###..##...#### #.# #..#..
##.#.# #.# ##.....##.@#.#
#.# ..........O..### #.#
.........##(...# #.####
#$.._...####(#[##### #.....
.........##.(#..)<.###...##
.....(......(#.)...#...#.#
##.....##..........#.###.#
#..#.. ##.###.......# #.#
#.. ##. #.# #.....### #.#


You could see an ogre.

Vanquished Creatures
  A black bear (D:4)
  2 phantoms
  A scorpion (D:4)
  3 hounds
  2 orc wizards
  4 gnolls
  14 adders
  An ufetubus (D:5)
  2 worms
  6 dart slugs
  10 orcs
  6 endoplasms
  A giant cockroach (D:4)
  3 goblins
  4 hobgoblins
  3 jackals (D:3)
  3 quokkas
  4 ball pythons
  5 bats
  4 frilled lizards (D:1)
  7 kobolds
  2 rats
88 creatures vanquished.

Notes
Turn   | Place    | Note
-------+----------+-------------------------------------------
     0 | D:1      | ryw the Gargoyle Fighter began the quest for the Orb.
     0 | D:1      | Reached XP level 1. HP: 14/14 MP: 1/1
   174 | D:1      | Reached XP level 2. HP: 19/19 MP: 2/2
   277 | D:1      | Found a faded altar of an unknown god.
   750 | D:2      | You fall into a shaft and drop 2 floors!
   784 | D:3      | Reached XP level 3. HP: 22/24 MP: 3/3
   852 | D:2      | Found Atoxkuosa's Antique Armour Shoppe.
   911 | D:2      | Found a hide-covered altar of Uskayaw.
   974 | D:2      | Reached XP level 4. HP: 29/29 MP: 4/4
   983 | D:2      | Identified the +5 ring mail "Juydo" {rN+}
  1986 | D:3      | Gained mutation: You sometimes lose your temper in combat.
                  | [potion of mutation]
  1986 | D:3      | Lost mutation: You sometimes lose your temper in combat.
                  | [potion of mutation]
  1986 | D:3      | Gained mutation: You are robust. (+10% HP) [potion of
                  | mutation]
  2005 | D:3      | Reached XP level 5. HP: 18/37 MP: 5/5
  2187 | D:3      | Learned a level 2 spell: Wereblood
  2934 | D:4      | Noticed a phantom
  2936 | D:4      | Noticed a black bear
  2944 | D:4      | Killed a phantom
  2945 | D:4      | Reached skill level 1 in Spellcasting
  2945 | D:4      | Reached XP level 6. HP: 44/44 MP: 5/7
  2963 | D:4      | Killed a black bear
  2964 | D:4      | Reached skill level 5 in Fighting
  2964 | D:4      | Reached skill level 1 in Transmutations
  3001 | D:4      | Reached skill level 5 in Axes
  3001 | D:4      | Reached XP level 7. HP: 38/48 MP: 9/9
  3334 | D:4      | Found a large runed translucent door.
  3337 | D:4      | Found a large runed translucent door.
  3340 | D:4      | Noticed timneilson's ghost (amateur DsGl)
  3741 | D:5      | Entered Level 5 of the Dungeon
  3897 | D:5      | Found a shadowy altar of Dithmenos.
  4238 | D:5      | HP: 2/48 [ogre/+0 giant spiked club (13)]
  4239 | D:5      | Demolished by an ogre

Illustrated notes

Levels and vault maps discovered:
D:1:      lightli_arrival_isolated_outpost, layout_basic, basic_ecumenical_altar
D:2:      layout_basic, basic_altar, serial_shops, nicolae_shop_trees
D:3:      layout_basic, hex_medium
D:4:      layout_cave_pods, ebering_ghost_disaster_area
D:5:      layout_rooms, nicolae_dithmenos_shadow_blocks, kennysheep_potato

Skill      XL: |  1  2  3  4  5  6  7 |
---------------+----------------------+-----
Axes           | 2 3 4 5 |  5.6
Fighting       | 4 5 |  5.6
Spellcasting   | 1 2 |  2.0
Transmutations | 1 2 |  2.0
Armour         | |  3.2
Shields        | |  3.2

Action                   |  1- 3 |  4- 6 |  7- 9 || total
-------------------------+-------+-------+-------++-------
Melee: War axe           |    86 |   146 |    86 ||   318
Throw: Dart              |       |       |     5 ||     5
  Use: Potion            |     1 |     3 |     1 ||     5
       Scroll            |       |     7 |     2 ||     9
Armor: Scale mail        |    56 |   129 |    55 ||   240
Dodge: Dodged            |    49 |   107 |    43 ||   199
Block: Buckler           |    17 |    38 |    16 ||    71

Table legend: (Time is in decaauts)
 A = Elapsed time spent in this place.
 B = Non-inter-level travel time spent in this place.
 C = Inter-level travel time spent in this place.
 D = Time resting spent in this place.
 E = Time spent auto-exploring this place.
 F = Levels seen in this place.
 G = Mean time per level.
                   A        B        C        D        E       F      G
               +--------+--------+--------+--------+--------+-----+--------+
         Total |   4354 |   4160 |    194 |    303 |   3025 |   5 |  870.8 |
       Dungeon |   4354 |   4160 |    194 |    303 |   3025 |   5 |  870.8 |
               +--------+--------+--------+--------+--------+-----+--------+

Top non-repeatable levels by time:
     D:4: 1287 daAuts
     D:2: 1070 daAuts
     D:3: 942 daAuts
     D:1: 726 daAuts
     D:5: 328 daAuts
